 Dungeon Crawl Stone Soup version 0.15-a0-2172-g9ff0d5b (webtiles) character file.

218 PolkaDot the Cutter (level 5, -4/38 HPs)
             Began as a Vampire Death Knight on July 21, 2014.
             Was a Believer of Yredelemnul.
             Slain by an orc
             ... wielding a +0 trident
              (5 damage)
             ... on Level 4 of the Dungeon.
             The game lasted 00:13:26 (2664 turns).

PolkaDot the Cutter (Vampire Death Knight)          Turns: 2664, Time: 00:13:26

HP  -4/38        AC  4     Str 10      XL: 5   Next: 63%
MP   8/8         EV 11     Int 13      God: Yredelemnul [**....]
Gold 246         SH  0     Dex 15      Spells:  0 memorised,  4 levels left

rFire  . . .     SeeInvis +     a - +1 short sword
rCold  . . .     Clarity  .     b - +0 leather armour
rNeg   . . .     rCorr    .     (no shield)
rPois  .         rRot     .     (no helmet)
rElec  .         Spirit   .     (no cloak)
SustAb .         Warding  .     k - +0 pair of gloves
rMut   .         Stasis   .     (no boots)
Gourm  .                        (no amulet)
MR     .....                    (no ring)
                                s - +3 ring of dexterity

@: lethally poisoned, regenerating quickly, not resistant to hostile
enchantments, very unstealthy
A: fangs 3, talons 1, see invisible, clumsy 1, weak 1, unbreathing
a: Animate Remains, Recall Undead Slaves, Injury Mirror, Renounce Religion


You were on level 4 of the Dungeon.
You worshipped Yredelemnul.
Yredelemnul was pleased with you.
You were full.

You visited 1 branch of the dungeon, and saw 4 of its levels.

You collected 246 gold pieces.

Inventory:

Hand weapons
 a - a +1 short sword (weapon)
Armour
 b - a +0 leather armour (worn)
 k - a +0 pair of gloves (worn)
 p - a +0 buckler
Scrolls
 c - a scroll of random uselessness {unknown}
 f - 4 scrolls of teleportation
 g - a scroll of immolation {unknown}
 h - a scroll of amnesia {unknown}
 l - a scroll of recharging {unknown}
 t - a scroll of noise {unknown}
Jewellery
 s - a +3 ring of dexterity (left hand)
Potions
 i - a potion of restore abilities


   Skills:
 - Level 1.7 Fighting
 * Level 5.4 Short Blades
 + Level 0.7 Armour
 - Level 2.0 Dodging
 - Level 3.4 Invocations


You had 4 spell levels left.
You didn't know any spells.

Dungeon Overview and Level Annotations

Branches:
Dungeon (4/15)
 Temple: D:4-7

Altars:
Ashenzari
Okawaru


Innate Abilities, Weirdness & Mutations

Your natural rate of healing is unusually fast.
You have razor-sharp teeth.*
You have supernaturally acute eyesight.
You can survive without breathing.*
You have sharp toenails.*
You are clumsy. (Dex -2)
You are weak. (Str -2)


Message History

The orc priest is heavily wounded.
The orc hits you with a dagger.
* * * LOW HITPOINT WARNING * * *
The orc hits you but does no damage. The orc barely misses you.
You closely miss the orc priest.
The orc priest is heavily wounded.
The orc priest hits you with a mace.
* * * LOW HITPOINT WARNING * * *
The orc barely misses you. x3
Drink which item? (? for menu, Esc to quit)
That liquid tasted very nasty...
You are lethally poisoned!
It was a potion of poison.
* * * LOW HITPOINT WARNING * * *
You feel sick. The orc priest misses you. The rat bites you.
* * * LOW HITPOINT WARNING * * *
The orc misses you.
The orc hits you from afar with a trident.
You die...
Yredelemnul claims you as an undead slave.

###.#...#)##.#........###...#.###
ZZ...........#.###....# #.#.#.###
###.#...#.####........###........
#.#####.# #..#..Z......#.#.##.
#.|..ZZ.# #..#..#.##.###.#.##.
######### #..#...........#....
###...ZZ..##.#####.##.
#.....r.#.##.# #.##.
#.##o@.?..##.# #.... #oo#.####.#
#..## ..o....# ... #.. #..####.#
..... #..> #.. #.##.....# ##. #.
..##.....# # ####.....# #######


You could see an orc priest, 3 orcs, a rat, 2 friendly iguana zombies and a
friendly giant newt skeleton.

Vanquished Creatures
  A crimson imp (D:3)
  A worker ant (D:4)
  2 iguanas (D:4)
  Ijyb (D:2)
  3 adders
  An adder skeleton (D:4)
  A giant gecko (D:1)
  6 orcs (D:3)
  3 bats
  10 hobgoblins
  4 jackals
  3 quokkas
  2 ball pythons (D:3)
  5 giant newts
  4 goblins
  11 kobolds
  8 rats
66 creatures vanquished.

Vanquished Creatures (collateral kills)
  A worm (D:2)
  A jackal (D:1)
  A bat (D:3)
  A rat (D:3)
4 creatures vanquished.

Vanquished Creatures (others)
  A bat skeleton (D:3)
  2 goblin zombies (D:4)
  A jackal zombie (D:4)
4 creatures vanquished.

Grand Total: 74 creatures vanquished

Notes
Turn   | Place    | Note
--------------------------------------------------------------
     0 | D:1      | PolkaDot, the Vampire Death Knight, began the quest for the Orb.
     0 | D:1      | Reached XP level 1. HP: 16/16 MP: 1/1
   182 | D:1      | Found an iron altar of Okawaru.
   191 | D:1      | Reached XP level 2. HP: 17/22 MP: 2/2
   714 | D:2      | Reached skill level 3 in Short Blades
   771 | D:2      | Found a shattered altar of Ashenzari.
   809 | D:2      | Reached XP level 3. HP: 25/27 MP: 4/4
   830 | D:2      | Noticed Ijyb
   840 | D:2      | Killed Ijyb
   991 | D:2      | Acquired Yredelemnul's second power
  1244 | D:2      | Reached skill level 4 in Short Blades
  1356 | D:3      | Reached XP level 4. HP: 24/33 MP: 4/6
  2103 | D:4      | Reached skill level 5 in Short Blades
  2103 | D:4      | Reached XP level 5. HP: 6/38 MP: 8/8
  2551 | D:4      | Gained mutation: You have sharp toenails. [potion of mutation]
  2551 | D:4      | Gained mutation: You are clumsy. (Dex -2) [potion of mutation]
  2551 | D:4      | Gained mutation: You are weak. (Str -2) [potion of mutation]
  2664 | D:4      | HP: 1/38 [rat (3)]
  2664 | D:4      | Slain by an orc

Action                   |  1- 3 |  4- 6 || total
-------------------------+-------+-------++-------
Melee: Short sword       |   129 |   148 ||   277
Invok: Animate Remains   |    12 |    10 ||    22
       Recall Undead Sla |     1 |       ||     1
  Use: Potion            |     1 |    10 ||    11
       Scroll            |       |     3 ||     3
 Stab: Distracted        |       |     1 ||     1
  Eat: Corpse            |     6 |     7 ||    13
